 Dungeon Crawl Stone Soup version 0.32-a0-818-gb728d0252e (webtiles) character file.

Game seed: 11855239447936571992

17975 spaghetti the Fencer (level 12, -7/97 HPs)
             Began as a Naga Berserker on Mar 24, 2024.
             Was an Elder of Trog.
             Mangled by a skeletal warrior
             ... wielding a +0 halberd
              (15 damage)
             ... on level 13 of the Dungeon.
             The game lasted 00:17:24 (13957 turns).

spaghetti the Fencer (Naga Berserker)              Turns: 13957, Time: 00:17:25

Health: -7/97      AC: 11    Str: 18    XL:     12   Next: 53%
Magic:  21/21      EV:  6    Int: 16    God:    Trog [****..]
Gold:   124        SH:  0    Dex: 15    Spells: 11/11 levels left

rFire   x . .        e - +6 triple sword (elec)
rCold   + + +        (shield currently unavailable)
rNeg    . . .        g - +0 ice dragon scales
rPois   +            (helmet restricted)
rElec   +            u - +1 cloak
rCorr   .            (no gloves)
SInv    +            (no barding)
Will    +....        m - amulet of faith Stlth
                     d - ring of protection from cold
HPRegen 0.36/turn    w - ring "Gaxzonauna" {rElec MP+9 Int+4 Slay+5}
MPRegen 0.17/turn

%: faith
@: on berserk cooldown, hasted and slowed, very slow
A: AC +4, large, see invisible, deformed body, poison resistance, slowness 2,
spit poison 1, naga tail 1, antennae 1, clever 1
a: Spit Poison, Renounce Religion, Berserk, Trog's Hand, Brothers in Arms


You were on level 13 of the Dungeon.
You worshipped Trog.
Trog was greatly pleased with you.
You visited 1 branch of the dungeon, and saw 13 of its levels.
You also visited: Ossuary.

You collected 1014 gold pieces.
You spent 890 gold pieces at shops.

Inventory:

Hand Weapons
 e - a +6 triple sword of electrocution (weapon)
 f - a +2 dagger of chaos
Missiles
 n - 2 curare-tipped darts
 A - a throwing net
 C - 6 silver javelins
Armour
 g - +0 ice dragon scales (worn)
 u - a +1 cloak (worn)
 z - a +0 helmet
Jewellery
 d - a ring of protection from cold (left hand)
 m - an amulet of faith (around neck)
 w - the ring "Gaxzonauna" (right hand) {rElec MP+9 Int+4 Slay+5}
   (You bought it in a shop on level 11 of the Dungeon)

   [ring of magical power]

   Int+4:     It affects your intelligence (+4).
   Slay+5:    It affects your accuracy & damage with ranged weapons and melee
   (+5).
   rElec:     It insulates you from electricity.
   MP+9:      It affects your magic capacity (+9).
Wands
 i - a wand of digging (4)
 q - a wand of paralysis (7)
 v - a wand of polymorph (8)
 B - a wand of roots (30)
 E - a wand of flame (30)
Scrolls
 b - a scroll of fear
 h - 9 scrolls of teleportation
 l - 3 scrolls of immolation
 o - 2 scrolls of silence
 s - 4 scrolls of enchant armour
 t - 5 scrolls of identify
 x - 3 scrolls of vulnerability
 y - a scroll of amnesia
Potions
 a - a potion of might
 c - 3 potions of degeneration
 j - 4 potions of magic
 k - 3 potions of curing
 p - a potion of enlightenment
 D - a potion of lignification
 F - a potion of resistance


   Skills:
 - Level 3.0 Fighting
 + Level 18.0 Long Blades
 - Level 6.0 Throwing
 - Level 1.5 Armour
 - Level 1.5 Dodging
 - Level 6.0 Evocations


You had 11 spell levels left.
You didn't know any spells.
Your spell library was empty.

Dungeon Overview and Level Annotations

Branches:
Dungeon (13/15)            Temple (0/1) D:7            Lair (0/5) D:9
    Orc (0/2) D:9         Ossuary (visited)
 Vaults: D:13-14

Altars:
Cheibriados
Elyvilon
Makhleb
Trog
Uskayaw
Wu Jian
Xom
Zin
Beogh

Shops:
D:3 *   D:4 *   D:11 =

Annotations:
D:11 1 runed translucent door, adelrune's ghost, journeyman DsGl


Innate Abilities, Weirdness & Mutations

Your serpentine skin is tough. (AC +4)
You have supernaturally acute eyesight. (SInv)
Armour fits poorly on your strangely shaped body.
Your system is resistant to poisons. (rPois)
You cover ground very slowly.
You can spit poison.
You have a snake-like lower body.
You have a pair of small antennae on your head.
Your mind is acute. (Int +4, Str/Dex -1)


Message History

The skeletal warrior is moderately damaged.
You slash the skeletal warrior!
Lightning courses through the skeletal warrior!
The skeletal warrior is severely damaged.
The skeletal warrior barely misses you.
The skeletal warrior hits you with a +0 long sword!!
You hit the skeletal warrior.
The skeletal warrior is severely damaged.
The skeletal warrior hits you with a +0 morningstar!!
The skeletal warrior closely misses you.
You hit the skeletal warrior but do no damage.
The skeletal warrior is severely damaged.
You barely miss the skeletal warrior.
The skeletal warrior is severely damaged.
The skeletal warrior barely misses you.
The skeletal warrior hits you with a +0 long sword!!
* * * LOW HITPOINT WARNING * * *
You barely miss the skeletal warrior.
The skeletal warrior is severely damaged.
You slice the skeletal warrior!!
You destroy the skeletal warrior!
Trog accepts your kill.
The skeletal warrior hits you from afar with a +0 halberd!
* * * LOW HITPOINT WARNING * * *
The skeletal warrior barely misses you.
Your Long Blades skill increases to level 18!
Unknown command.
You closely miss the skeletal warrior.
The skeletal warrior hits you from afar with a +0 halberd.
* * * LOW HITPOINT WARNING * * *
You feel a strong urge to attack something.
You are no longer berserk.
You are exhausted.
You feel yourself slow down.
Okay, then.
You feel yourself speed up.
The skeletal warrior hits you with a +0 long sword!
* * * LOW HITPOINT WARNING * * *
The skeletal warrior hits you from afar with a +0 halberd!
You die...

...#######.#######
#. #.# #. #.# ##
######.### .
#........# #
#.####.#.# #.#
#.#.# #.# #.#.#
#######@## #.#.#
?......z.# #.#.#
#######z.# #...#
#).# ###.# .. #..#
........ #$.#
#........ #..#
#.#........ #...
........... ##.#
#........#


You could see 2 skeletal warriors.

Vanquished Creatures
  Erolcha (D:9)
  The ghost of pokeman the Eclecticist, a journeyman DEHW of Vehumet (D:12)
  A centaur warrior (D:13)
  6 two-headed ogres
  A skeletal warrior (D:13)
  2 manticores (D:13)
  Maggie (D:6)
  3 trolls
  A hornet (D:9)
  Grinder (D:4)
  4 wraiths
  2 shadows (D:11)
  A wyvern (D:10)
  15 yaks
  10 vampire mosquitoes
  A steam dragon (D:9)
  An acid dragon (D:9)
  3 water moccasins
  A black bear (D:6)
  An ice beast (D:8)
  3 orc warriors
  An ogre (D:6)
  2 centaurs
  A phantom (D:5)
  2 elf zombies (Ossuary)
  3 bullfrogs
  2 kobold brigands
  A weeping skull (Ossuary)
  A gnoll sergeant (D:9)
  8 wights
  2 scorpions
  11 killer bees
  A howler monkey (D:9)
  A bombardier beetle (D:7)
  3 centaur zombies (Ossuary)
  A spectral scorpion (Ossuary)
  4 hounds
  2 orc priests
  A jelly (D:7)
  3 gnoll boudas
  A sleepcap (D:7)
  5 iguanas
  6 orc wizards
  A killer bee zombie (Ossuary)
  A hound zombie (Ossuary)
  3 mummies (Ossuary)
  Robin (D:2)
  20 gnolls
  8 adders
  2 shadow imps
  2 ufetubi (D:6)
  4 adder zombies (Ossuary)
  3 dart slugs
  40 orcs
  13 ball pythons
  7 endoplasms
  4 giant cockroaches
  10 goblins
  10 hobgoblins
  2 jackals (D:1)
  17 kobolds
  3 quokkas
  2 ball python zombies (Ossuary)
  5 bats
  3 frilled lizards
  A gnoll zombie (Ossuary)
  A goblin zombie (D:5)
  7 jackal zombies (Ossuary)
  3 kobold zombies (Ossuary)
  2 orc zombies (Ossuary)
  5 rats (D:1)
  A rat zombie (D:5)
303 creatures vanquished.

Vanquished Creatures (collateral kills)
  Psyche (D:9)
  4 yaks (D:9)
  2 black bears (D:9)
  2 orc warriors (D:9)
  3 killer bees (D:9)
  3 orcs (D:9)
15 creatures vanquished.

Grand Total: 318 creatures vanquished

Notes
Turn   | Place    | Note
-------+----------+-------------------------------------------
     0 | D:1      | spaghetti the Naga Berserker began the quest for the Orb.
     0 | D:1      | Reached XP level 1. HP: 21/21 MP: 1/1
   136 | D:1      | Reached XP level 2. HP: 27/28 MP: 2/2
   222 | D:1      | Reached skill level 4 in Long Blades
   257 | D:1      | Reached XP level 3. HP: 30/34 MP: 3/3
   379 | D:1      | Reached ** piety under Trog
   966 | D:2      | Reached XP level 4. HP: 42/42 MP: 4/4
  1023 | D:2      | Noticed Robin
  1094 | D:2      | Killed Robin
  1095 | D:2      | Reached skill level 5 in Long Blades
  1705 | D:3      | Found Xoh Yplu's Assorted Antiques.
  1713 | D:3      | Bought a slimy broad axe for 162 gold pieces
  1713 | D:3      | Identified the +0 broad axe of Midwinter {antimagic, Fly
                  | rPois Int+2} (You bought it in a shop on level 3 of the
                  | Dungeon)
  1845 | D:3      | Identified a scroll of acquirement
  1845 | D:3      | Acquired a +5 triple sword of electrocution
  2312 | D:4      | Noticed Grinder
  2317 | D:4      | Killed Grinder
  2318 | D:4      | Reached skill level 6 in Long Blades
  2318 | D:4      | Reached XP level 5. HP: 49/49 MP: 5/5
  2318 | D:4      | Reached XP level 6. HP: 56/56 MP: 6/6
  2351 | D:4      | Noticed a +0 dagger
  2351 | D:4      | Noticed a +0 hand axe
  2352 | D:4      | Found a hide-covered altar of Uskayaw.
  2356 | D:4      | Reached skill level 7 in Long Blades
  2377 | D:4      | Noticed an orc warrior
  2384 | D:4      | Killed an orc warrior
  2546 | D:4      | Reached XP level 7. HP: 62/62 MP: 7/7
  2557 | D:4      | Reached *** piety under Trog
  2632 | D:4      | Found a shimmering altar of Xom.
  2763 | D:4      | Found Povilil's Serpentskin Sales.
  2768 | D:4      | Bought 2 curare-tipped darts for 31 gold pieces
  2867 | D:4      | Reached skill level 8 in Long Blades
  3219 | D:5      | Entered Level 5 of the Dungeon
  3304 | D:5      | Reached skill level 1 in Throwing
  3652 | D:5      | Found a sand-covered staircase.
  3663 | Ossuary  | Entered an ossuary
  3691 | Ossuary  | Reached XP level 8. HP: 62/68 MP: 8/8
  3721 | Ossuary  | Reached **** piety under Trog
  3930 | Ossuary  | Reached skill level 9 in Long Blades
  4079 | Ossuary  | Gained mutation: You have hidden genetic potential. [potion
                  | of mutation]
  4581 | D:6      | Reached skill level 1 in Evocations
  4725 | D:6      | Noticed a yak
  4731 | D:6      | Killed a yak
  4783 | D:6      | Noticed a two-headed ogre
  4792 | D:6      | Killed a two-headed ogre
  4793 | D:6      | Reached skill level 10 in Long Blades
  4793 | D:6      | Reached skill level 5 in Throwing
  4793 | D:6      | Reached XP level 9. HP: 27/75 MP: 9/9
  4800 | D:6      | Gained mutation: Your mind is acute. (Int +4, Str/Dex -1)
                  | [hidden potential]
  4990 | D:6      | Noticed Maggie
  5000 | D:6      | Killed Maggie
  5015 | D:6      | Reached ***** piety under Trog
  5106 | D:6      | Found a glowing silver altar of Zin.
  5201 | D:6      | Found a bloodstained altar of Trog.
  5325 | D:6      | Found a white marble altar of Elyvilon.
  5435 | D:7      | Found a burning altar of Makhleb.
  5466 | D:7      | Found a snail-covered altar of Cheibriados.
  5620 | D:7      | Found a staircase to the Ecumenical Temple.
  5646 | D:7      | Identified the +1 robe of Sewiq {Rampage +Blink Will-
                  | Int+3}
  5655 | D:7      | Reached skill level 5 in Evocations
  5687 | D:7      | Reached skill level 11 in Long Blades
  5767 | D:7      | Reached XP level 10. HP: 79/81 MP: 10/10
  6541 | D:8      | Gained mutation: You have a pair of small antennae on your
                  | head. [hidden potential]
  6541 | D:8      | Lost mutation: You have hidden genetic potential. [hidden
                  | potential expressed]
  6640 | D:8      | Found a roughly hewn altar of Beogh.
  7101 | D:8      | Noticed a two-headed ogre
  7108 | D:8      | Killed a two-headed ogre
  7109 | D:8      | Reached skill level 12 in Long Blades
  7723 | D:9      | Reached skill level 13 in Long Blades
  7908 | D:9      | Noticed Psyche
  7912 | D:9      | Killed Psyche
  7933 | D:9      | Found a staircase to the Orcish Mines.
  7958 | D:9      | Reached XP level 11. HP: 56/90 MP: 11/11
  7959 | D:9      | Reached skill level 14 in Long Blades
  8019 | D:9      | Found a staircase to the Lair.
  9117 | D:9      | Noticed Erolcha
  9128 | D:9      | Killed Erolcha
  9271 | D:9      | Found an ornate altar of the Wu Jian Council.
  9434 | D:10     | Entered Level 10 of the Dungeon
  9595 | D:10     | Noticed a two-headed ogre
  9602 | D:10     | Killed a two-headed ogre
  9603 | D:10     | Reached skill level 15 in Long Blades
 11004 | D:11     | Found Nioplac's Jewellery Boutique.
 11005 | D:11     | Noticed a two-headed ogre
 11014 | D:11     | Killed a two-headed ogre
 11015 | D:11     | Reached skill level 16 in Long Blades
 11151 | D:11     | Found a runed translucent door.
 11151 | D:11     | Noticed adelrune's ghost (journeyman DsGl)
 11848 | D:11     | Bought the ring "Gaxzonauna" {rElec MP+9 Int+4 Slay+5} for
                  | 697 gold pieces
 12315 | D:12     | Noticed a two-headed ogre
 12320 | D:12     | Killed a two-headed ogre
 12321 | D:12     | Reached XP level 12. HP: 97/97 MP: 12/12
 12806 | D:12     | Noticed a two-headed ogre
 12811 | D:12     | Killed a two-headed ogre
 12812 | D:12     | Reached skill level 17 in Long Blades
 12884 | D:12     | Found a runed translucent gate.
 12885 | D:12     | Found a runed translucent gate.
 12885 | D:12     | Found a runed translucent gate.
 12887 | D:12     | Noticed pokeman's ghost (journeyman DEHW)
 13196 | D:12     | Killed pokeman's ghost
 13347 | D:13     | Noticed a centaur warrior
 13358 | D:13     | Killed a centaur warrior
 13954 | D:13     | Reached skill level 18 in Long Blades
 13957 | D:13     | Mangled by a skeletal warrior

Illustrated notes

Levels and vault maps discovered:
D:1:      dpeg_arrival_prison, layout_rooms, st_stairs_2
D:2:      layout_loops_ring, uniq_robin
D:3:      layout_basic, serial_shops, shop, minmay_checkerbox
D:4:      layout_loops_corners, dancing_weapons_uskayaw,
          mainiacjoe_overflow_catwalk, guppyfry_shop_venom, uniq_grinder
D:5:      layout_loops_ring, enter_ossuary_4, kennysheep_nondescript
D:6:      layout_basic, kennysheep_mini, overflow_temple_1_default,
          zin_scriptorium, minmay_three_doors, uniq_maggie
D:7:      layout_basic, slow_altar_1, bloody_makhleb,
          minmay_temple_entry_junction, lemuel_flamethrower_1
D:8:      layout_basic, special_room [special_room_orc]
D:9:      layout_grid_maze, mainiacjoe_overflow_cross_hatched,
          dpeg_lair_monsters, david_orc_2, uniq_erolcha, uniq_psyche
D:10:     layout_irregular_city
D:11:     layout_layer_cave, hellmonk_ghost_big_iron, serial_shops, shop_coins
D:12:     layout_loops_cross, gauntlet_entry_generic, ebering_ghost_rock_garden,
          skrybe_limestone_x
D:13:     layout_loops_ring

Skill      XL: |  1  2  3  4  5  6  7  8  9 10 11 12 |
---------------+-------------------------------------+-----
Long Blades    | 4 6 7 8 10 11 13 16 18 | 18.0
Throwing       | 2 5 6 |  6.0
Evocations     | 3 5 6 |  6.0
Fighting       | |  3.0
Armour         | |  1.5
Dodging        | |  1.5

Action                     |  1- 3 |  4- 6 |  7- 9 | 10-12 || total
---------------------------+-------+-------+-------+-------++-------
  Melee: Falchion          |    16 |       |       |       ||    16
         Dagger            |    51 |    47 |       |       ||    98
         Triple sword      |       |    26 |   241 |   336 ||   603
 Invoke: Berserk           |       |     2 |     6 |    16 ||    24
         Trog's Hand       |       |       |     1 |     7 ||     8
         Brothers in Arms  |       |       |       |     4 ||     4
Ability: Spit Poison       |    25 |    18 |    25 |    31 ||    99
  Evoke: Wand              |       |       |     1 |       ||     1
    Use: Scroll            |     1 |     6 |     7 |     5 ||    19
         Potion            |     4 |       |     2 |    10 ||    16
   Stab: Paralysed         |       |       |     2 |       ||     2
 Armour: Animal skin       |    27 |       |       |       ||    27
         Ice dragon scales |    13 |    68 |   262 |   538 ||   881
  Dodge: Dodged            |    24 |    23 |   124 |   202 ||   373

Table legend: (Time is in decaauts)
 A = Elapsed time spent in this place.
 B = Non-inter-level travel time spent in this place.
 C = Inter-level travel time spent in this place.
 D = Time resting spent in this place.
 E = Time spent auto-exploring this place.
 F = Levels seen in this place.
 G = Mean time per level.
                   A        B        C        D        E       F      G
               +--------+--------+--------+--------+--------+-----+--------+
         Total |  17476 |  16956 |    520 |   1991 |  12997 |  14 | 1248.3 |
       Dungeon |  16886 |  16366 |    520 |   1831 |  12759 |  13 | 1298.9 |
       Ossuary |    590 |    590 |      0 |    160 |    237 |   1 |  590.0 |
               +--------+--------+--------+--------+--------+-----+--------+

Top non-repeatable levels by time:
     D:9: 2056 daAuts
    D:11: 1873 daAuts
    D:10: 1647 daAuts
     D:8: 1516 daAuts
    D:12: 1348 daAuts
     D:7: 1344 daAuts
     D:4: 1297 daAuts
     D:3: 1118 daAuts
     D:5: 1082 daAuts
     D:6: 1081 daAuts
     D:1: 926 daAuts
     D:2: 889 daAuts
    D:13: 703 daAuts
 Ossuary: 590 daAuts
